 Dungeon Crawl Stone Soup version 0.17.0-55-g1383181 (console) character file.

12376 Kloppie the Arsonist (level 11, -5/99 HPs)
             Began as a Red Draconian Fire Elementalist on Dec 4, 2015.
             Was a Believer of Vehumet.
             Slain by a yak (15 damage)
             ... on level 11 of the Dungeon.
             The game lasted 00:31:02 (16554 turns).

Kloppie the Arsonist (DrFE)                        Turns: 16554, Time: 00:31:02

Health: -5/99      AC: 11    Str: 12    XL:     11   Next: 61%
Magic:  2/14       EV: 18    Int: 18    God:    Vehumet [**....]
Gold:   516        SH:  0    Dex: 11    Spells: 4 memorised, 1 level left

rFire  + . .     SeeInvis .     v - +2 whip (freeze)
rCold  . . .     Clarity  .     (armour unavailable)
rNeg   . . .     SustAt   .     (no shield)
rPois  +         Gourm    .     (helmet restricted)
rElec  .         Spirit   .     l - +0 cloak
rCorr  .         Warding  .     (no gloves)
rMut   +         Stasis   .     o - +2 pair of boots {Fly}
MR     .....                    t - amulet of resist mutation
Stlth  ++........               i - ring of poison resistance
                                g - +3 ring of evasion

@: studying Shields, not resistant to hostile enchantments, unstealthy
A: breathe fire, unfitting armour, fire resistance 1, cold-blooded, AC +7
a: Breathe Fire, Renounce Religion, Evoke Flight


You were on level 11 of the Dungeon.
You worshipped Vehumet.
Vehumet was pleased with you.
You were near starving.

You visited 3 branches of the dungeon, and saw 13 of its levels.

You collected 516 gold pieces.

Inventory:

Hand Weapons
 j - a +0 war axe
 v - a +2 whip of freezing (weapon)
Armour
 l - a +0 cloak (worn)
 o - a +2 pair of boots of flying (worn)
Jewellery
 g - a +3 ring of evasion (left hand)
 i - a ring of poison resistance (right hand)
 n - the amulet of Borait {Clar rF- rC++ Int+2 Stlth+, unknown}
   (You found it on level 1 of the Lair of Beasts)

   [amulet of clarity]

   It provides mental clarity.
   It affects your intelligence (+2).
   It makes you vulnerable to fire.
   It greatly protects you from cold.
   It makes you more stealthy.
 t - an amulet of resist mutation (around neck)
 x - an uncursed ring of positive energy
Wands
 c - a wand of paralysis (6)
 d - a wand of fire (11)
 y - a wand of fire (6)
 E - a wand of disintegration (7)
Scrolls
 h - 2 scrolls of fog
 u - 4 scrolls of remove curse
 B - a scroll of enchant armour
 D - a scroll of teleportation
Potions
 e - 2 potions of haste
 f - a potion of lignification
 k - a potion of mutation {unknown}
 m - 4 potions of flight {unknown}
 s - a potion of might {unknown}
 w - a potion of poison {unknown}
 A - a potion of agility {unknown}
 G - a potion of curing
Books
 a - a book of Flames

   Spells                             Type                      Level
   a - Flame Tongue                   Conjuration/Fire             1
   b - Throw Flame                    Conjuration/Fire             2
   c - Conjure Flame                  Conjuration/Fire             3
   d - Inner Flame                    Hexes/Fire                   3
   e - Sticky Flame                   Conjuration/Fire             4
   f - Fireball                       Conjuration/Fire             5
 F - a manual of Shields
Comestibles
 b - 10 bread rations
 p - 4 meat rations
 q - 4 fruits
 z - 7 slices of pizza
 C - a royal jelly


   Skills:
 - Level 10.1 Fighting
 + Level 2.8 Maces & Flails
 - Level 7.8 Dodging
 - Level 1.7 Stealth
 - Level 2.0 Spellcasting
 - Level 10.0 Conjurations
 - Level 11.7 Fire Magic


You had one spell level left.
You knew the following spells:

 Your Spells              Type           Power        Failure   Level  Hunger
a - Flame Tongue          Conj/Fire      #####        1%          1    #......
b - Conjure Flame         Conj/Fire      #####...     1%          3    ###....
c - Sticky Flame          Conj/Fire      #####...     2%          4    #####..
d - Fireball              Conj/Fire      #####.....   8%          5    ######.


Dungeon Overview and Level Annotations

Branches:
Dungeon (11/15)            Temple (1/1) D:6            Lair (1/8) D:10
    Orc (0/4) D:9

Altars:
Cheibriados
Dithmenos
Elyvilon
Fedhas
Gozag
Kikubaaqudgha
Makhleb
Nemelex Xobeh
Okawaru
Qazlal
Ru
Sif Muna
Trog
Vehumet
Xom
Yredelemnul
Zin
The Shining One

Annotations:
D:5 Grinder


Innate Abilities, Weirdness & Mutations

You can breathe blasts of fire.
Your fiery red scales are hard (AC +7).
Your body does not fit into most forms of armour.
Your flesh is heat resistant.
You are cold-blooded and may be slowed by cold attacks.


Message History

* * * LOW HITPOINT WARNING * * *
The yak is engulfed in roaring flames.
The yak is engulfed in roaring flames.
You kill the yak!
Vehumet accepts your kill.
You feel your power returning.
The yak snorts and paws the ground.
Casting: Flame Tongue
Confirm with . or Enter, or press ? or * to list all spells.
Aiming: Flame Tongue
Press: ? - help, Shift-Dir - straight line, f/p - yak
Aim: a yak (severely wounded)
The flame tongue hits the yak.
The yak is almost dead.
The yak gores you!
* * * LOW HITPOINT WARNING * * *
You hit the yak. You freeze the yak.
The yak is almost dead.
The yak gores you!
You die...

#..........#
#..........#
#.######..<###########
#§# #.............#
#†# #...........>.#
#%# #.............#
#.# #.....######..#
#.######.....#####
#....Y@............
#..........########
#..........#
#..........#
#..........#
#..........#
#..........+
#..........#
#...######.#


You could see a yak.

Vanquished Creatures
  2 hydras (Lair:1)
  A hill giant (D:10)
  Pikel (D:6)
  A manticore (D:10)
  2 elephants (Lair:1)
  Maurice (D:10)
  A spiny frog (Lair:1)
  A fire drake (Lair:1)
  2 komodo dragons
  Prince Ribbit (D:8)
  A human (D:7)
  2 wyverns
  10 yaks
  A hippogriff (Lair:1)
  A hungry ghost (D:8)
  Grum (D:8)
  A hog (D:7)
  4 wolves (D:8)
  A porcupine (Lair:1)
  2 water moccasins (Lair:1)
  2 orc warriors (D:9)
  3 black bears (D:6)
  3 wasps
  3 sky beasts (D:6)
  An ogre (D:10)
  An ice beast (D:6)
  3 phantoms
  A necrophage (D:10)
  4 centaurs
  3 crocodiles
  4 giant frogs
  4 killer bees (D:8)
  2 water moccasin skeletons
  2 crimson imps
  6 hounds
  A jelly (D:9)
  A gnoll shaman (D:7)
  2 giant frog skeletons
  4 iguanas
  6 orc priests
  13 orc wizards
  A centaur skeleton (D:6)
  3 sheep (D:7)
  7 worker ants
  A hound zombie (D:7)
  4 gnolls (D:7)
  2 shadow imps
  7 adders
  An ooze (D:1)
  An adder zombie (D:10)
  5 worms
  4 giant geckos
  48 orcs
  5 goblins
  8 hobgoblins
  17 jackals
  4 quokkas
  A ball python (D:2)
  6 bats
  4 giant cockroaches
  A giant gecko skeleton (D:4)
  4 giant newts
  7 kobolds
  A quokka zombie (D:10)
  11 rats
259 creatures vanquished.

Vanquished Creatures (others)
  A hound (D:6)
  An iguana (D:6)
  A hound zombie (D:6)
  An orc (D:6)
  A giant newt (D:6)
  A fungus (Lair:1)
6 creatures vanquished.

Grand Total: 265 creatures vanquished

Notes
Turn   | Place    | Note
--------------------------------------------------------------
     0 | D:1      | Kloppie the Draconian Fire Elementalist began the quest for the Orb.
     0 | D:1      | Reached XP level 1. HP: 14/14 MP: 3/3
   475 | D:1      | Reached XP level 2. HP: 20/20 MP: 5/5
  1308 | D:1      | Found a sparkling altar of Nemelex Xobeh.
  1457 | D:2      | Reached XP level 3. HP: 26/26 MP: 2/6
  1710 | D:2      | Found a sacrificial altar of Ru.
  1726 | D:2      | Reached skill level 4 in Fire Magic
  1738 | D:2      | Reached XP level 4. HP: 8/33 MP: 0/7
  3309 | D:3      | Reached XP level 5. HP: 31/38 MP: 5/8
  3570 | D:3      | Learned a level 3 spell: Conjure Flame
  4320 | D:4      | Reached skill level 5 in Fire Magic
  4582 | D:4      | Reached XP level 6. HP: 39/45 MP: 2/9
  4672 | D:4      | Learned a level 4 spell: Sticky Flame
  5456 | D:5      | Entered Level 5 of the Dungeon
  5713 | D:5      | Reached skill level 5 in Conjurations
  5727 | D:5      | Reached skill level 6 in Fire Magic
  5842 | D:5      | Reached skill level 7 in Fire Magic
  5842 | D:5      | Your scales start taking on a fiery red colour.
  5842 | D:5      | Gained mutation: Your flesh is heat resistant. [Red Draconian growth]
  5842 | D:5      | Reached XP level 7. HP: 37/50 MP: 3/10
  6052 | D:5      | Found a glowing golden altar of the Shining One.
  6110 | D:5      | Noticed Grinder
  6227 | D:6      | Reached skill level 8 in Fire Magic
  6377 | D:6      | Noticed Pikel
  6395 | D:6      | Killed Pikel
  6395 | D:6      | Reached skill level 9 in Fire Magic
  6395 | D:6      | Reached XP level 8. HP: 31/57 MP: 0/11
  6549 | D:6      | Found a staircase to the Ecumenical Temple.
  6607 | Temple   | Entered the Ecumenical Temple
  6786 | D:6      | Reached skill level 1 in Fighting
  8035 | D:7      | Found a burning altar of Makhleb.
  8299 | D:7      | Reached XP level 9. HP: 72/72 MP: 12/12
  8341 | D:7      | Found a glowing golden altar of the Shining One.
  8458 | D:7      | Found a radiant altar of Vehumet.
  8466 | D:7      | Became a worshipper of Vehumet
  8667 | D:7      | Found a shadowy altar of Dithmenos.
  8757 | D:7      | Reached skill level 5 in Fighting
  9454 | D:8      | Reached * piety under Vehumet
  9454 | D:8      | Offered knowledge of Magic Dart by Vehumet.
  9994 | D:8      | Noticed Prince Ribbit
 10000 | D:8      | Killed Prince Ribbit
 10046 | D:8      | Noticed Grum
 10075 | D:8      | Killed Grum
 10079 | D:8      | Reached skill level 10 in Fire Magic
 10097 | D:8      | Paralysed by a wasp for 2 turns
 10663 | D:8      | Reached XP level 10. HP: 84/84 MP: 7/13
 10712 | D:8      | Learned a level 5 spell: Fireball
 11118 | D:8      | Reached skill level 5 in Dodging
 11423 | D:9      | Found an ancient bone altar of Kikubaaqudgha.
 11425 | D:9      | Found a sacrificial altar of Ru.
 11425 | D:9      | Found a sparkling altar of Nemelex Xobeh.
 11434 | D:9      | Found an opulent altar of Gozag.
 11434 | D:9      | Found an iron altar of Okawaru.
 11434 | D:9      | Found a burning altar of Makhleb.
 11580 | D:9      | Found a deep blue altar of Sif Muna.
 11737 | D:9      | Found a staircase to the Orcish Mines.
 11962 | D:9      | You fall through a shaft!
 11962 | D:10     | Entered Level 10 of the Dungeon
 11987 | D:10     | Offered knowledge of Searing Ray by Vehumet.
 12268 | D:10     | Noticed Maurice
 12293 | D:10     | Killed Maurice
 12293 | D:10     | Reached ** piety under Vehumet
 12552 | D:10     | Found a staircase to the Lair.
 12779 | D:10     | Reached skill level 10 in Conjurations
 13261 | D:10     | Noticed a hill giant
 13288 | D:10     | Killed a hill giant
 13830 | D:10     | Noticed a manticore
 13850 | D:10     | Killed a manticore
 13850 | D:10     | Reached XP level 11. HP: 40/95 MP: 3/14
 14229 | Lair:1   | Entered Level 1 of the Lair of Beasts
 14509 | Lair:1   | Got a transparent zirconium amulet
 15113 | Lair:1   | Noticed a six-headed hydra
 15137 | Lair:1   | Killed a six-headed hydra
 15137 | Lair:1   | Reached skill level 11 in Fire Magic
 15280 | Lair:1   | Noticed a seven-headed hydra
 15331 | Lair:1   | HP: 4/97 [seven-headed hydra (1)]
 15332 | Lair:1   | Killed a seven-headed hydra
 15840 | Lair:1   | Offered knowledge of Ignite Poison by Vehumet.
 16102 | Lair:1   | Reached skill level 10 in Fighting
 16501 | D:11     | Reached skill level 1 in Maces & Flails
 16554 | D:11     | Slain by a yak

Action                   |  1- 3 |  4- 6 |  7- 9 | 10-12 || total
-------------------------+-------+-------+-------+-------++-------
Melee: Whip              |    93 |       |   235 |   275 ||   603
       War axe           |    24 |   194 |    61 |       ||   279
 Cast: Flame Tongue      |    12 |    64 |   115 |   183 ||   374
       Conjure Flame     |       |     1 |     5 |     5 ||    11
       Sticky Flame      |       |       |    10 |    35 ||    45
 Abil: Stop Flying       |       |     1 |       |       ||     1
       Breathe Fire      |       |       |       |     1 ||     1
Evoke: Wand              |       |       |     1 |       ||     1
  Use: Scroll            |       |     1 |    10 |     5 ||    16
       Potion            |       |       |     4 |     3 ||     7
 Stab: Sleeping          |       |     4 |     2 |     2 ||     8
       Distracted        |       |     1 |       |       ||     1
       Invisible         |       |     1 |       |       ||     1
  Eat: Chunk             |     3 |    14 |    20 |    17 ||    54
       Beef jerky        |       |       |       |     5 ||     5
       Fruit             |       |       |       |     1 ||     1
       Bread ration      |       |       |       |     1 ||     1
